 Dungeon Crawl Stone Soup version 0.18-a0-1036-g7ac1859 (webtiles) character file.

102 Jmtri7 the Charlatan (level 5, 0/37 HPs)
             Began as a Formicid Artificer on Jan 9, 2016.
             Slain by an orc knight
             ... wielding a +0 great mace
              (23 damage)
             ... on level 15 of the Dungeon.
             The game lasted 00:03:56 (596 turns).

Jmtri7 the Charlatan (Formicid Artificer)            Turns: 596, Time: 00:03:56

Health: 0/37       AC:  3    Str: 17    XL:     5   Next: 5%
Magic:  9/9        EV: 11    Int: 11    God:
Gold:   87         SH:  0    Dex: 11    Spells: 0 memorised, 4 levels left

rFire  . . .     SeeInvis +     a - +0 short sword
rCold  . . .     Gourm    .     b - +0 leather armour
rNeg   . . .     Faith    .     (no shield)
rPois  .         Spirit   .     (helmet unavailable)
rElec  .         Dismiss  .     (no cloak)
rCorr  .         Reflect  .     (no gloves)
SustAt .         Harm     .     (no boots)
MR     .....                    (no amulet)
Stlth  +.........               (no ring)
                                (no ring)

@: not resistant to hostile enchantments, very unstealthy
A: permanent stasis, dig shafts and tunnels, four strong arms, antennae 3
a: Dig, Shaft Self


You were on level 15 of the Dungeon.
You were not hungry.

You visited 1 branch of the dungeon, and saw 9 of its levels.

You collected 87 gold pieces.

Inventory:

Hand Weapons
 a - a +0 short sword (weapon)
Armour
 b - a +0 leather armour (worn)
Wands
 c - a wand of flame (0/48)
 d - a wand of enslavement (13/24)
 e - a wand of random effects (15/48)
 g - a wand of lightning (0/15)
 h - a wand of fire (6/15)
Books
 i - a book of Fire

   Spells                             Type                      Level
   a - Ignite Poison                  Fire/Transmutation/Poison    3
   b - Fireball                       Conjuration/Fire             5
   c - Bolt of Fire                   Conjuration/Fire             6
   d - Delayed Fireball               Conjuration/Fire             7
   e - Ring of Flames                 Charms/Fire                  7
Comestibles
 f - 4 chunks of flesh


   Skills:
 - Level 1.1 Fighting
 - Level 1.0 Short Blades
 - Level 1.7 Dodging
 - Level 1.2 Stealth
 + Level 5.8 Evocations


You had 4 spell levels left.
You didn't know any spells.

Dungeon Overview and Level Annotations

Branches:
Dungeon (13/15)
 Temple: D:4-7         Lair: D:8-11         Orc: D:9-12      Vaults: D:13-14

Altars:
Ru

Annotations:
D:4 djjoshybeats's ghost, amateur SpEn


Innate Abilities, Weirdness & Mutations

You are under a permanent stasis effect.
You can dig through walls and to a lower floor.
Your four strong arms can wield two-handed weapons with a shield.
You have a pair of large antennae on your head (SInv).


Message History

The orc warrior goes into a battle-frenzy!
An orc comes into view.
An orc priest comes into view. It is wielding a war axe.
A rakshasa comes into view. It is wielding a whip of venom.
There is an open door here.
Things that are here:
a club; an orc skeleton
There is an open door here.
Things that are here:
a club; an orc skeleton The orc shouts!
Zapping:
h - a wand of fire (7/15)
Press: ? - help, Shift-Dir - straight line, f - orc knight
Aim: an orc knight, wielding a great mace and wearing a plate armour The bolt of fire hits the orc knight.
The orc knight is lightly wounded.
This wand has 6 charges left.
The orc knight hits you with a great mace!!
Ouch! That really hurt!
You die...

......
.....
######.o..
#....#...
#....#...
##....#..#
#.....#.o#
#.....##o#
#......@.#
#......#.#
#......#.#
{
########.#
{{ { { ..#
... { {...
o...


You could see an orc knight, an orc warrior (frenzied) and an orc (frenzied).

Vanquished Creatures
  A scorpion (D:7)
  An orc priest (D:15)
  A hound zombie (D:7)
  3 hobgoblins (D:1)
  4 jackals (D:7)
  A rat (D:1)
11 creatures vanquished.

Notes
Turn   | Place    | Note
--------------------------------------------------------------
     0 | D:1      | Jmtri7 the Formicid Artificer began the quest for the Orb.
     0 | D:1      | Reached XP level 1. HP: 15/15 MP: 3/3
   162 | D:1      | You fall through a shaft!
   165 | D:2      | You fall through a shaft for 2 floors!
   170 | D:4      | Noticed djjoshybeats's ghost (amateur SpEn)
   174 | D:4      | You fall through a shaft for 3 floors!
   374 | D:7      | Noticed a scorpion
   380 | D:7      | Killed a scorpion
   380 | D:7      | Reached skill level 5 in Evocations
   380 | D:7      | Reached XP level 2. HP: 21/21 MP: 3/5
   380 | D:7      | Reached XP level 3. HP: 26/26 MP: 3/6
   380 | D:7      | Reached XP level 4. HP: 32/32 MP: 3/7
   406 | D:7      | Found a sacrificial altar of Ru.
   462 | D:7      | You fall through a shaft for 3 floors!
   462 | D:10     | Entered Level 10 of the Dungeon
   465 | D:10     | You fall through a shaft for 2 floors!
   465 | D:12     | Noticed a giant frog
   465 | D:12     | Noticed a water moccasin
   465 | D:12     | Noticed a troll
   468 | D:12     | You fall through a shaft!
   484 | D:13     | Noticed a necrophage
   521 | D:13     | You fall through a shaft!
   521 | D:14     | Noticed an ice beast
   524 | D:14     | You fall through a shaft!
   524 | D:15     | Entered Level 15 of the Dungeon
   546 | D:15     | Reached XP level 5. HP: 17/37 MP: 9/9
   577 | D:15     | Noticed an orc knight
   590 | D:15     | Noticed an orc warrior
   593 | D:15     | Noticed a rakshasa
   596 | D:15     | Slain by an orc knight

Vault maps used:
D:1:      dpeg_arrival_oval
D:2:      cheibriados_altar_1, minivault_26
D:4:      first_bread, serial_shops, kennysheep_little_box, tso_metal_star
D:7:      kennysheep_mini, nicolae_ru_path_of_blood, temple_doors_d
D:10:     lair_0_dummy, basic_altar, hangedman_tree_tricks, uniq_fannar
D:13:     kennysheep_decorative_pillar, glass_columns_c, kennysheep_small_circle
D:14:     david_vaults_1, hangedman_abyss_or_decor_stabs, uniq_urug
D:15:     hangedman_depths_entry_try_elsewhere_first, fedhas_altar_1

Action                   |  1- 3 |  4- 6 || total
-------------------------+-------+-------++-------
Melee: Short sword       |    11 |    27 ||    38
 Abil: Shaft Self        |     3 |     5 ||     8
       Dig               |       |     2 ||     2
Evoke: Wand              |     7 |    13 ||    20
  Eat: Bread ration      |       |     1 ||     1
